 Dungeon Crawl Stone Soup version 0.30-a0-728-gc68057be0a (webtiles) character file.

Game seed: 16971079252215601969

41 zinnoa the Trooper (level 3, 0/33 HPs)
             Began as an Armataur Berserker on Jan 30, 2023.
             Was a Believer of Trog.
             Succumbed to an adder's poison
             ... on level 2 of the Dungeon.
             The game lasted 00:02:08 (1150 turns).

zinnoa the Trooper (Armataur Berserker)             Turns: 1150, Time: 00:02:09

Health: 0/33       AC:  8    Str: 22    XL:     3   Next: 32%
Magic:  3/3        EV:  6    Int:  7    God:    Trog [**....]
Gold:   66         SH:  0    Dex: 11    Spells: 2/2 levels left

rFire   . . .      SeeInvis .    f - +0 glaive
rCold   . . .      Faith    .    (shield currently unavailable)
rNeg    . . .      Spirit   .    e - +0 chain mail
rPois   .          Reflect  .    (no helmet)
rElec   .          Harm     .    (no cloak)
rCorr   .          Roll     +    (no gloves)
Will    .....                    (no barding) Stlth
                                 (no amulet)
HPRegen 0.25/turn                (no ring)
MPRegen 0.08/turn                (no ring)

@: lethally poisoned (0 -> -6)
A: large, rugged brown scales 3, deformed body, armoured tail, roll, long
tongue, awkward tongue
a: Renounce Religion, Berserk, Trog's Hand


You were on level 2 of the Dungeon.
You worshipped Trog.
Trog was pleased with you.
You visited 1 branch of the dungeon, and saw 2 of its levels.

You collected 66 gold pieces.

Inventory:

Hand Weapons
 a - a +0 spear
 f - a +0 glaive (weapon)
Armour
 b - a +0 animal skin
 e - a +0 chain mail (worn)
Scrolls
 d - 3 scrolls of identify {unknown}
 g - 2 scrolls of teleportation {unknown}
 i - a scroll of vulnerability {unknown}
Potions
 c - a potion of attraction {unknown}
 h - 2 potions of might {unknown}
 j - 2 potions of curing {unknown}


   Skills:
 + Level 3.0 Fighting
 + Level 2.9 Polearms
 + Level 2.8 Armour
 + Level 1.8 Dodging
 + Level 0.2 Stealth


You had 2 spell levels left.
You didn't know any spells.
Your spell library was empty.

Dungeon Overview and Level Annotations

Branches:
Dungeon (2/15)

Altars:
Wu Jian


Innate Abilities, Weirdness & Mutations

You are completely covered in rugged brown scales. (AC +3, +7% HP)
Armour fits poorly on your strangely shaped body.
You have a long armoured tail.
You roll when moving toward enemies. (Rampage)
Your long tongue fully drains potion bottles. (2x potion effects)
Your tongue gives you trouble enunciating. (1.5x scroll delay)


Message History

The quokka barely misses you. The adder bites you but does no damage.
The quokka bites you but does no damage.
The adder barely misses you.
You hit the adder.
The adder is moderately wounded.
The quokka bites you. The adder bites you.
You are poisoned.
The adder poisons you! The quokka barely misses you.
The adder barely misses you.
You hit the adder.
The adder is almost dead.
You feel very sick. The adder bites you but does no damage.
The quokka bites you but does no damage.
The adder bites you but does no damage. The quokka barely misses you.
You miss the adder.
Your tail-slap misses the adder.
The adder is almost dead.
You feel sick. The adder bites you but does no damage.
The quokka barely misses you. The adder bites you but does no damage.
The quokka bites you but does no damage.
You closely miss the adder.
The adder is almost dead.
You feel sick. The adder bites you but does no damage.
The quokka bites you but does no damage.
The adder barely misses you. The quokka barely misses you.
You closely miss the adder.
The adder is almost dead.
You feel sick.
You are no longer poisoned.
The adder bites you.
* * * LOW HITPOINT WARNING * * *
You are lethally poisoned!
The adder poisons you!
The quokka bites you but does no damage.
The adder bites you but does no damage. The quokka bites you.
* * * LOW HITPOINT WARNING * * *
You slash the adder!
You kill the adder!
Trog accepts your kill.
You die...

.....# ##..
#.#.# .....#
. #.#.#
.....# .
#.#.# ......
#. #.#.#
#.##.#.#
#....#.## .
#.....+ ...
##..###.....
#..@.(.....
##..r.#....
....>.# .
####...#
#...# #...#
#####


You could see a quokka.

Vanquished Creatures
  An adder (D:2)
  A worm (D:2)
  A dart slug (D:1)
  2 ball pythons
  3 bats (D:1)
  3 endoplasms
  A giant cockroach (D:1)
  3 goblins (D:1)
  6 hobgoblins
  3 jackals (D:2)
  2 quokkas (D:1)
  2 frilled lizards
  A kobold (D:1)
  3 rats (D:1)
32 creatures vanquished.

Notes
Turn   | Place    | Note
-------+----------+-------------------------------------------
     0 | D:1      | zinnoa the Armataur Berserker began the quest for the Orb.
     0 | D:1      | Reached XP level 1. HP: 19/19 MP: 1/1
   271 | D:1      | Reached XP level 2. HP: 26/26 MP: 2/2
   555 | D:1      | Reached skill level 3 in Fighting
   648 | D:1      | Reached XP level 3. HP: 33/33 MP: 3/3
   957 | D:2      | Reached ** piety under Trog
  1025 | D:2      | Found an ornate altar of the Wu Jian Council.
  1150 | D:2      | Succumbed to an adder's poison

Illustrated notes

Levels and vault maps discovered:
D:1:      dpeg_arrival_simpleton_a, layout_loops_corners, minmay_tetromino_s2
D:2:      layout_basic, basic_altar, shapermc_ecumenical_altar_rom_forum,
          minivault_5, grunt_decor_one_mirror, uniq_robin

Skill      XL: |  1  2 |
---------------+-------+-----
Fighting       | 3 |  3.0
Polearms       | |  2.9
Armour         | |  2.8
Dodging        | |  1.8
Stealth        | |  0.2

Action                     || total
---------------------------++-------
  Melee: Spear             ||    24
         Tailslap          ||    11
         Glaive            ||    77
 Armour: Animal skin       ||     6
         Chain mail        ||   101
  Dodge: Dodged            ||    66

Table legend: (Time is in decaauts)
 A = Elapsed time spent in this place.
 B = Non-inter-level travel time spent in this place.
 C = Inter-level travel time spent in this place.
 D = Time resting spent in this place.
 E = Time spent auto-exploring this place.
 F = Levels seen in this place.
 G = Mean time per level.
                   A        B        C        D        E       F      G
               +--------+--------+--------+--------+--------+-----+--------+
         Total |   1191 |   1160 |     31 |     88 |    820 |   2 |  595.5 |
       Dungeon |   1191 |   1160 |     31 |     88 |    820 |   2 |  595.5 |
               +--------+--------+--------+--------+--------+-----+--------+

Top non-repeatable levels by time:
     D:1: 963 daAuts
     D:2: 228 daAuts
